 Dungeon Crawl Stone Soup version 0.21.1-1-g345015f (webtiles) character file.

19637 troglodite the Blocker (level 12, -12/95 HPs)
             Began as a Demonspawn Berserker on Feb 13, 2018.
             Was an Elder of Trog.
             Killed by divine providence
             ... invoked by Saint Roka
              (15 damage)
             ... while paralysed by an orc sorcerer
             ... on level 2 of the Orcish Mines.
             The game lasted 01:01:17 (12150 turns).

troglodite the Blocker (Demonspawn Berserker)      Turns: 12150, Time: 01:01:19

Health: -12/95     AC: 21    Str: 21    XL:     12   Next: 38%
Magic:  0/12       EV:  2    Int: 11    God:    Trog [****..]
Gold:   1037       SH:  0    Dex: 17    Spells: 11/11 levels left

rFire    + + +     SeeInvis +   s - +3 falchion (flame)
rCold    x . .     Gourm    .   g - +0 large shield
rNeg     . . .     Faith    .   L - +5 plate armour of the Black Moon {rF+++ rC- Regen+ SInv}
rPois    .         Spirit   +   b - +1 hat
rElec    .         Reflect  .   J - +0 cloak
rCorr    .         Harm     .   (no gloves)
MR       .....                  Q - +0 pair of boots
Stlth    ..........             h - amulet of guardian spirit
HPRegen  0.65/turn              y - ring of flight
MPRegen  0.13/turn              v - ring of protection from fire

@: confused, paralysed, agile, drained
A: horns 2, foul stench 2, powered by pain 1, rot immunity
a: Berserk, Trog's Hand, Brothers in Arms, Burn Spellbooks, Renounce Religion,
Evoke Flight


You were on level 2 of the Orcish Mines.
You worshipped Trog.
Trog was greatly pleased with you.
You were not hungry.

You visited 2 branches of the dungeon, and saw 13 of its levels.

You collected 1037 gold pieces.

Inventory:

Hand Weapons
 s - a +3 falchion of flaming (weapon)
 S - a +0 war axe of flaming
 V - a +0 falchion of electrocution
Armour
 b - a +1 hat (worn)
 g - a +0 large shield (worn)
 A - a +2 scale mail of cold resistance
 J - a +0 cloak (worn)
 L - the +5 plate armour of the Black Moon (worn) {rF+++ rC- Regen+ SInv}
   (You found it on level 11 of the Dungeon)

   It renders you almost immune to fire.
   It makes you vulnerable to cold.
   It lets you see invisible.
   It increases your rate of regeneration.
 Q - a +0 pair of boots (worn)
Jewellery
 h - an amulet of guardian spirit (around neck)
 v - a ring of protection from fire (right hand)
 y - a ring of flight (left hand)
Wands
 w - a wand of acid (15)
 E - a wand of flame (34)
 G - a wand of digging (15)
 I - a wand of random effects (27)
 K - a wand of disintegration (26)
 O - a wand of scattershot (4)
 U - a wand of iceblast (8)
Scrolls
 a - a scroll of identify
 d - 3 scrolls of magic mapping {unknown}
 i - 5 scrolls of remove curse
 l - a scroll of fog {unknown}
 m - 7 scrolls of teleportation {unknown}
 q - 2 scrolls of immolation {unknown}
 r - 2 scrolls of fear {unknown}
 t - a scroll of amnesia {unknown}
 x - a scroll of blinking {unknown}
 B - a scroll of vulnerability {unknown}
 D - a scroll of random uselessness {unknown}
 F - 2 scrolls of enchant armour {unknown}
 N - a scroll of summoning {unknown}
 T - a scroll of torment {unknown}
Potions
 f - 7 potions of curing
 j - 4 potions of agility
 k - 4 potions of resistance
 n - 4 potions of might
 o - a potion of cancellation
 p - a potion of mutation
 u - a potion of lignification
 z - a potion of flight
 C - a potion of magic
 H - 4 potions of ambrosia
 M - a potion of heal wounds
 P - a potion of haste
Comestibles
 c - 22 rations
 R - 10 chunks of flesh


   Skills:
 * Level 9.3(8.6) Fighting
 + Level 6.7(6.1) Long Blades
   Level 6.4(5.8) Maces & Flails
 + Level 6.8(6.1) Armour
 + Level 5.3(4.7) Dodging
 + Level 2.3(1.7) Stealth
 * Level 11.8(11.0) Shields


You had 11 spell levels left.
You didn't know any spells.

Dungeon Overview and Level Annotations

Branches:
Dungeon (11/15)            Temple (0/1) D:4            Lair (0/6) D:8
    Orc (2/2) D:9
    Elf: Orc:2

Altars:
Cheibriados
Fedhas
Gozag
Ru
Sif Muna
Trog
Uskayaw
Wu Jian
Beogh

Shops:
D:11 *

Annotations:
Orc:2 Saint Roka; Urug; bobmail's ghost, journeyman MiBe


Innate Abilities, Weirdness & Mutations

You have a pair of horns on your head.
You frequently emit foul miasma when damaged in melee.
You sometimes gain a little power by taking damage.
You are immune to rotting.


Message History

Urug hits you with a demon trident of freezing!!
* * * LOW HITPOINT WARNING * * *
You focus on the pain.
You feel agile all of a sudden. Urug freezes you.
* * * LOW HITPOINT WARNING * * *
Bobmail's ghost hits you but does no damage.
Saint Roka roars a battlecry!
The orc wizard goes into a battle-frenzy!
The orc priest hits you but does no damage.
The orc priest looks sick.
The orc hits you but does no damage.
You hear a shout! x2
The orc wizard hits you but does no damage.
The orc wizard looks sick.
The orc sorcerer gestures at you while chanting.
You resist with some effort. Bobmail's ghost hits you!
* * * LOW HITPOINT WARNING * * *
Saint Roka calls down the wrath of Beogh upon you.
Beogh smites you!
You die...

................
................
................
................
$......$........
................
.o....o.o.......
......W@).o.....
...$...oo.o.....
###..#.o...#$.##
## #8...8# ##
#.o...# #.....#
#.o...# ....o.o


You could see Saint Roka, Urug, an orc sorcerer, 3 orc priests, 5 orc wizards,
bobmail's ghost and an orc.

Vanquished Creatures
  A stone giant (Orc:1)
  A hydra (D:8)
  A centaur warrior (D:10)
  5 two-headed ogres
  The ghost of Nr616 the Spear-Bearer, a novice MiFi of Okawaru (D:9)
  An orc high priest (Orc:1)
  An unseen horror (D:10)
  Pikel (D:6)
  A cyclops (Orc:1)
  A troll (D:9)
  A hornet (D:11)
  2 dream sheep (D:8)
  The ghost of Frank the Slasher, an amateur OpFi (D:4)
  2 hippogriffs
  4 yaks
  A wraith (D:10)
  A wyvern (D:11)
  Eustachio (D:6)
  A warg (Orc:1)
  3 water moccasins
  Duvessa (D:5)
  16 orc warriors
  3 sky beasts
  2 necrophages
  3 black bears
  2 phantoms
  3 ice beasts
  An eye of draining (D:10)
  9 ogres
  3 centaurs
  8 big kobolds
  2 gnoll sergeants (D:9)
  4 bullfrogs
  Dowan (D:5)
  A wyvern skeleton (D:9)
  2 wyvern zombies (D:10)
  2 scorpions
  8 killer bees
  3 howler monkeys
  A bullfrog zombie (D:10)
  2 centaur zombies
  3 crimson imps
  A centaur skeleton (D:10)
  10 orc priests
  2 bullfrog skeletons
  4 hounds
  2 jellies
  20 orc wizards
  3 iguanas
  A worker ant (D:7)
  2 hound skeletons
  A worker ant zombie (D:5)
  Robin (D:4)
  10 gnolls
  A howler monkey skeleton (D:5)
  9 adders
  4 shadow imps
  An ooze (D:7)
  An adder skeleton (D:4)
  2 worms
  6 leopard geckos
  58 orcs
  5 giant cockroaches
  29 goblins
  6 hobgoblins
  15 jackals
  17 kobolds
  4 quokkas
  A ball python (D:1)
  9 bats
  3 frilled lizards
  2 jackal zombies
  2 quokka skeletons
  5 rats
348 creatures vanquished.

Vanquished Creatures (collateral kills)
  Nergalle (Orc:1)
  An orc knight (Orc:1)
  4 yaks (D:11)
  4 orc warriors
  3 big kobolds (D:9)
  A gnoll sergeant (D:9)
  A hound (D:11)
  3 orc priests
  2 gnolls (D:9)
  17 orcs
37 creatures vanquished.

Vanquished Creatures (others)
  An orc wizard (Orc:2)
  2 kobolds (D:6)
3 creatures vanquished.

Grand Total: 388 creatures vanquished

Notes
Turn   | Place    | Note
-------+----------+-------------------------------------------
     0 | D:1      | troglodite the Demonspawn Berserker began the quest for the Orb.
     0 | D:1      | Reached XP level 1. HP: 18/18 MP: 1/1
    95 | D:1      | Gained mutation: You are immune to rotting. [demonic ancestry]
    95 | D:1      | Reached XP level 2. HP: 19/24 MP: 2/2
  1029 | D:2      | Gained mutation: You have a pair of small horns on your head. [demonic ancestry]
  1029 | D:2      | Reached XP level 3. HP: 14/29 MP: 1/3
  1566 | D:2      | Reached ** piety under Trog
  1793 | D:3      | Reached skill level 1 in Shields
  1793 | D:3      | Reached XP level 4. HP: 21/37 MP: 2/4
  2090 | D:3      | Gained mutation: You may emit foul miasma when damaged in melee. [demonic ancestry]
  2090 | D:3      | Reached XP level 5. HP: 24/42 MP: 2/5
  2119 | D:3      | HP: 2/42 [poisoned by an adder]
  2521 | D:3      | Found a deep blue altar of Sif Muna.
  2572 | D:3      | Reached skill level 2 in Shields
  2870 | D:4      | Noticed Frank's ghost (amateur OpFi)
  2880 | D:4      | Killed Frank's ghost
  2880 | D:4      | Reached skill level 1 in Maces & Flails
  2880 | D:4      | Gained mutation: You sometimes gain a little power by taking damage. [demonic ancestry]
  2880 | D:4      | Reached XP level 6. HP: 48/48 MP: 4/6
  2908 | D:4      | Found a blossoming altar of Fedhas.
  2974 | D:4      | Reached skill level 3 in Shields
  3335 | D:4      | Reached XP level 7. HP: 19/55 MP: 1/7
  3587 | D:4      | Reached *** piety under Trog
  3614 | D:4      | Found a staircase to the Ecumenical Temple.
  4028 | D:4      | Noticed Robin
  4044 | D:4      | Killed Robin
  4285 | D:5      | Entered Level 5 of the Dungeon
  4289 | D:5      | Reached skill level 5 in Fighting
  4289 | D:5      | Reached skill level 4 in Shields
  4299 | D:5      | Noticed Duvessa
  4301 | D:5      | Noticed Dowan
  4346 | D:5      | Killed Duvessa
  4355 | D:5      | Reached XP level 8. HP: 62/62 MP: 8/8
  4359 | D:5      | Killed Dowan
  4433 | D:5      | Reached **** piety under Trog
  4796 | D:5      | Reached skill level 1 in Stealth
  4796 | D:5      | Reached skill level 5 in Shields
  5039 | D:6      | Noticed a dagger
  5040 | D:6      | Got a smoking scale mail
  5041 | D:6      | Noticed an enchanted dagger
  5056 | D:6      | Identified the +1 scale mail "Trusted Companion" {rC+} (You found it on level 6 of the Dungeon)
  5329 | D:6      | Noticed Pikel
  5346 | D:6      | Killed Pikel
  5346 | D:6      | Reached skill level 6 in Shields
  5346 | D:6      | Gained mutation: You have a pair of horns on your head. [demonic ancestry]
  5346 | D:6      | Reached XP level 9. HP: 69/69 MP: 7/9
  5431 | D:6      | Found a hide-covered altar of Uskayaw.
  5633 | D:6      | Noticed Eustachio
  5635 | D:6      | Found an ornate altar of the Wu Jian Council.
  5645 | D:6      | Killed Eustachio
  5645 | D:6      | Reached skill level 5 in Maces & Flails
  5654 | D:6      | Found an opulent altar of Gozag.
  5655 | D:6      | Found a blossoming altar of Fedhas.
  5656 | D:6      | Found a snail-covered altar of Cheibriados.
  6442 | D:7      | Noticed a two-headed ogre
  6451 | D:7      | Killed a two-headed ogre
  6451 | D:7      | Reached skill level 7 in Shields
  6866 | D:7      | Reached skill level 5 in Armour
  6866 | D:7      | Reached XP level 10. HP: 75/77 MP: 8/10
  7053 | D:8      | Found a sacrificial altar of Ru.
  7087 | D:8      | Found a staircase to the Lair.
  7757 | D:8      | Reached ***** piety under Trog
  7954 | D:8      | Found a roughly hewn altar of Beogh.
  7983 | D:8      | Received a gift from Trog
  8355 | D:8      | Reached skill level 8 in Shields
  8572 | D:8      | Noticed a three-headed hydra
  8576 | D:8      | Killed a one-headed hydra
  8726 | D:9      | Received a gift from Trog
  8807 | D:9      | Noticed Nr616's ghost (novice MiFi)
  8827 | D:9      | Killed Nr616's ghost
  8891 | D:9      | Found a bloodstained altar of Trog.
  8984 | D:9      | You fall through a shaft for 2 floors!
  8990 | D:11     | Reached skill level 9 in Shields
  8990 | D:11     | Reached XP level 11. HP: 59/86 MP: 9/11
  9017 | D:11     | Reached skill level 5 in Dodging
  9220 | D:11     | Got a steaming plate armour
  9231 | D:11     | Noticed a two-headed ogre
  9241 | D:11     | Killed a two-headed ogre
  9477 | D:11     | Reached skill level 5 in Long Blades
  9497 | D:11     | Found Fonoh's Changing Room.
  9530 | D:11     | Identified the +5 plate armour of the Black Moon {rF+++ rC- Regen+ SInv} (You found it on level 11 of the Dungeon)
  9594 | D:10     | Entered Level 10 of the Dungeon
  9611 | D:10     | Noticed an unseen horror
  9634 | D:10     | Killed an unseen horror
  9985 | D:9      | Noticed a two-headed ogre
  9998 | D:9      | Killed a two-headed ogre
 10157 | D:9      | Found a staircase to the Orcish Mines.
 10175 | D:9      | Reached skill level 10 in Shields
 10448 | D:10     | Noticed a two-headed ogre
 10456 | D:10     | Killed a two-headed ogre
 10456 | D:10     | Received a gift from Trog
 10507 | D:10     | Noticed a centaur warrior
 10519 | D:10     | Killed a centaur warrior
 10711 | D:10     | Reached skill level 11 in Shields
 11059 | D:10     | Noticed a two-headed ogre
 11069 | D:10     | Killed a two-headed ogre
 11069 | D:10     | Gained mutation: You frequently emit foul miasma when damaged in melee. [demonic ancestry]
 11069 | D:10     | Reached XP level 12. HP: 80/95 MP: 10/12
 11262 | Orc:1    | Entered Level 1 of the Orcish Mines
 11265 | Orc:1    | Noticed a stone giant
 11283 | Orc:1    | Killed a stone giant
 11371 | Orc:1    | Noticed Nergalle
 11377 | Orc:1    | Killed Nergalle
 11520 | Orc:1    | Found a roughly hewn altar of Beogh.
 11713 | Orc:2    | Entered Level 2 of the Orcish Mines
 11713 | Orc:2    | Noticed an orc high priest
 11716 | Orc:2    | Noticed Saint Roka
 11753 | Orc:2    | Noticed bobmail's ghost (journeyman MiBe)
 11762 | Orc:1    | Killed an orc high priest
 11973 | Orc:2    | Noticed Urug
 12148 | Orc:2    | Paralysed by an orc sorcerer for 4 turns
 12150 | Orc:2    | HP: 3/95 [bobmail's ghost (10)]
 12150 | Orc:2    | Killed from afar by Saint Roka

Skill      XL: |  1  2  3  4  5  6  7  8  9 10 11 |
---------------+----------------------------------+-----
Dodging        | 2 3 4 5 |  5.3
Long Blades    | 3 4 6 |  6.7
Armour         | 2 3 4 5 6 |  6.8
Shields        | 1 2 3 4 6 7 9 11 | 11.8
Fighting       | 4 5 6 8 9 |  9.3
Maces & Flails | 1 2 4 6 |  6.4
Stealth        | 1 2 |  2.3

Action                   |  1- 3 |  4- 6 |  7- 9 | 10-12 || total
-------------------------+-------+-------+-------+-------++-------
Melee: Falchion          |   109 |    10 |       |   542 ||   661
       Headbutt          |     7 |    25 |    73 |   155 ||   260
       Whip              |       |   153 |   401 |    97 ||   651
Invok: Berserk           |     1 |     3 |     8 |    14 ||    26
       Trog's Hand       |       |     1 |       |       ||     1
       Burn Spellbooks   |       |       |     1 |     1 ||     2
       Brothers in Arms  |       |       |       |     7 ||     7
  Use: Potion            |       |     1 |       |       ||     1
       Scroll            |       |       |       |    16 ||    16
 Stab: Sleeping          |     1 |       |       |       ||     1
       Distracted        |       |       |       |     1 ||     1
  Eat: Chunk             |     3 |     5 |    17 |    30 ||    55
       Ration            |       |     1 |     1 |     1 ||     3
Armor: Animal skin       |    16 |       |       |       ||    16
       Ring mail         |    23 |    55 |    38 |       ||   116
       Scale mail        |       |       |    61 |    53 ||   114
       Plate armour      |       |       |       |   192 ||   192
Dodge: Dodged            |    52 |    41 |    78 |   122 ||   293
Block: Large shield      |    45 |   135 |   312 |   644 ||  1136
       Rpst.: Falchion   |    19 |     1 |       |    28 ||    48
